Unix NetHack Version 5.0.0-0 post-release - last build May 17 2026 04:57:42 (dc50c8380fa5e20985bfe3072449f57b8d9895ef,branch:main).

Game began 2026-05-20 11:52:00, ended 2026-05-20 15:10:42.

Japes, lawful female human Valkyrie

                   ----                ---
                   |..|   ---        ---.---
                  --..-----.|        |)....--.
                 --...%.||..|        |......*.
                ...%[...--.--        ---...@G.
                .......[...|           --....
                ........----      -------..
                    -.---        --.|).....
                    ..|          |.....---
                    ..--       ---....
                    ..)---     |....
                     ..).-------.--
                      ...).).....|
                        ...---...

Japes the Skirmisher        St:18/02 Dx:12 Co:18 In:8 Wi:9 Ch:8  Lawful
Dlvl:5  $:46 HP:0(51) Pw:14(14) AC:6  Xp:5/203 T:1304 

Latest messages:
 You kill the gnome!
 You are hit by an arrow!
 z - a whistle.
 What do you want to use or apply? [ejnptz or ?*]
 You produce a strange whistling sound.
 You hear crashing rock.
 The dagger misses the gnome.
 You are hit by a dagger.
 The gnome wields 3 daggers!
 You kill the gnome!
 A - 3 daggers.
 B - a milky potion.
 The gnome lord thrusts one of his daggers.
 The gnome lord hits!
 You hit the gnome lord!
 #
 Are you sure you want to pray? [yn] (n)
 You begin praying to Tyr.
 You are surrounded by a shimmering light.
 The gnome lord reads a scroll labeled THARR!
 You finish your prayer.
 You feel that Tyr is well-pleased.
 You feel much better.
 You miss the gnome.
 You kill the gnome!
 You are hit by an arrow.
 An arrow misses you.
 You hear crashing rock.
 You hear a C note squeak in the distance.
 A trap door in the ceiling opens and a rock falls on your head!
 You see here a key.
 C - a key.
 The gnome lord thrusts his dagger.
 The gnome lord hits!
 What do you want to drop? [$a-zA-C or ?*]
 You drop a lock pick.
 The gnome lord thrusts his dagger.
 The gnome lord hits!
 You miss the gnome lord.
 The gnome lord thrusts his dagger.
 The gnome lord hits!
 You hit the gnome lord!
 The gnome lord thrusts his dagger.
 The gnome lord hits!
 You miss the gnome lord.
 The gnome lord thrusts his dagger.
 The gnome lord hits!
 You die...
 Do you want your possessions identified? [ynq] (y)
 Do you want to see your attributes? [ynq] (y)

Inventory:
 Coins    ('$')
  $ - 46 gold pieces
 Weapons  (')')
  g - 19 +0 darts
  A - 3 blessed +0 daggers
  b - a +0 dagger (alternate weapon; not wielded)
  h - a +0 orcish dagger
  a - a +1 spear (weapon in right hand)
 Armor    ('[')
  w - a blessed +0 dwarvish iron helm
  x - an uncursed +0 pair of iron shoes
  c - a blessed +3 small shield (being worn)
  f - an uncursed +0 alchemy smock with text "I am an alchemist; if you see me running, try to catch up..."
  r - a cursed -1 splint mail
 Comestibles  ('%')
  s - an uncursed carrot
  t - an uncursed cream pie
  d - 3 uncursed food rations
  v - an uncursed tripe ration
  i - an uncursed lichen corpse
 Scrolls  ('?')
  l - an uncursed scroll of confuse monster
  m - a cursed scroll of confuse monster
  k - an uncursed scroll of enchant armor
  u - an uncursed scroll of teleportation
 Potions  ('!')
  o - an uncursed potion of booze
  B - an uncursed potion of gain level
 Wands    ('/')
  e - a wand of lightning (0:7)
  p - a wand of make invisible (0:4)
 Tools    ('(')
  n - an empty uncursed bag of holding
  z - an uncursed magic whistle
  C - an uncursed skeleton key
 Gems/Stones  ('*')
  y - an uncursed jet stone
  q - an uncursed worthless piece of orange glass

Japes the Valkyrie's attributes:

Background:
 You were a Skirmisher, a level 5 human Valkyrie.
 You were lawful, on a mission for Tyr
 who was opposed by Odin (neutral) and Loki (chaotic).
 You were right-handed.
 You were in the Gnomish Mines, on level 5.
 You entered the dungeon 1304 turns ago.
 You had 203 experience points, 117 more were needed to attain level 6.

Basics:
 You had 0 out of 51 hit points.
 You had all 14 energy points (spell power).
 Your armor class was 6.
 Your wallet contained 46 zorkmids.
 Autopickup was on for '$' plus thrown.

Final Characteristics:
 Your strength was 18/02 (limit:18/100).
 Your dexterity was 12 (limit:18).
 Your constitution was 18 (limit:18).
 Your intelligence was 8 (limit:18).
 Your wisdom was 9 (limit:18).
 Your charisma was 8 (limit:18).

Final Status:
 You weren't hungry.
 You were unencumbered.
 You were wielding a spear.
 You had basic skill with spear.

Final Attributes:
 You were devoutly aligned.
 You were cold resistant.
 You were stealthy.
 You are dead.

Miscellaneous:
 You didn't encounter any bones levels.
 Total elapsed playing time was 50 minutes and 57 seconds.

Major events:
 Turn
    1: Japes the lawful human Valkyrie entered the dungeon
  902: entered the Gnomish Mines
  937: attained the rank of Skirmisher (level 3)
 1304: killed by a gnome lord

You didn't know any spells.

Skills:
 Fighting Skills
   bare handed combat [Unskilled]
   two weapon combat  [Unskilled]
   riding             [Unskilled]
 Weapon Skills
   dagger             [Basic]
   axe                [Unskilled]
   pick-axe           [Unskilled]
   short sword        [Unskilled]
   broadsword         [Unskilled]
   long sword         [Unskilled]
   two-handed sword   [Unskilled]
   saber              [Unskilled]
   hammer             [Unskilled]
   quarterstaff       [Unskilled]
   polearms           [Unskilled]
   spear              [Basic]
   trident            [Unskilled]
   lance              [Unskilled]
   sling              [Unskilled]
 Spellcasting Skills
   attack spells      [Unskilled]
   escape spells      [Unskilled]

Voluntary challenges:
 Character rerolling was not enabled.
 You never genocided any monsters.
 You never polymorphed an object.
 You never changed form.
 You used no wishes.
Achievements:
 You entered a shop.
 You entered the Gnomish Mines.
 You attained the rank of Skirmisher.

 The Dungeons of Doom: levels 1 to 4
    Level 1:
       A fountain.
    Level 2:
    Level 3:
       A potion shop, a fountain.
       Stairs down to The Gnomish Mines.
    Level 4:
 The Gnomish Mines: levels 4 to 5
    Level 4:
    Level 5: <- You were here.
       Final resting place for
          you, killed by a gnome lord.


Vanquished creatures:
  3 gnome leaders
  a gnomish wizard
  a giant ant
  a dwarf
 an acid blob
  2 coyotes
  a large kobold
 14 gnomes
  2 jackals
  a goblin
  5 grid bugs
  3 lichens
  2 newts
37 creatures vanquished.

No species were genocided or became extinct.

Game over:
                       ----------
                      /          \
                     /    REST    \
                    /      IN      \
                   /     PEACE      \
                  /                  \
                  |      Japes       |
                  |      46 Au       |
                  |   killed by a    |
                  |    gnome lord    |
                  |                  |
                  |                  |
                  |       2026       |
                 *|     *  *  *      | *
        _________)/\\_//(\/(/\)/\//\/|_)_______

Farvel Japes the Valkyrie...

You died in The Gnomish Mines on dungeon level 5 with 1064 points,
and 46 pieces of gold, after 1304 moves.
You were level 5 with a maximum of 51 hit points when you died.

